 Dungeon Crawl Stone Soup version 0.26-a0-259-g1effd001a9 (webtiles) character file.

Game seed: 4869244159742566712

515 sanka the Zephyrmancer (level 7, -3/38 HPs)
             Began as a Tengu Air Elementalist on July 12, 2020.
             Killed from afar by an orc wizard (5 damage)
             ... with a magic dart
             ... on level 4 of the Dungeon on July 13, 2020.
             The game lasted 00:09:51 (4741 turns).

sanka the Zephyrmancer (Tengu Air Elementalist)     Turns: 4741, Time: 00:09:52

Health: -3/38      AC:  6    Str: 15    XL:     7   Next: 20%
Magic:  3/11       EV: 30    Int: 17    God:
Gold:   165        SH:  0    Dex: 14    Spells: 5/10 levels left

rFire    . . .     SeeInvis .   v - +3 spear
rCold    . . .     Faith    .   (no shield)
rNeg     . . .     Spirit   .   a - +0 robe
rPois    .         Reflect  .   (helmet restricted)
rElec    .         Harm     .   (no cloak)
rCorr    .                      (no gloves)
MR       .....                  (boots unavailable)
Stlth    ++........             z - amulet of the acrobat
HPRegen  0.12/turn              l - +6 ring of strength
MPRegen  0.12/turn              m - +4 ring of protection

@: acrobat, flying quickly and evasively, quick
A: beak, talons 3, able to fly
a: Stop Flying


You were on level 4 of the Dungeon.
You were not hungry.

You visited 1 branch of the dungeon, and saw 4 of its levels.

You collected 165 gold pieces.


Innate Abilities, Weirdness & Mutations

You have a beak for a mouth.
You have claws for feet.
You can fly continuously.


   Skills:
 + Level 1.1 Fighting
 + Level 2.6 Dodging
 - Level 2.0 Stealth
 - Level 2.0 Spellcasting
 - Level 2.0 Conjurations
 - Level 10.0 Air Magic


You had 5 spell levels left.
You knew the following spells:

 Your Spells              Type           Power        Failure   Level
x - Airstrike             Air            #####.....   3%          4
z - Shock                 Conj/Air       ###.         1%          1

Your spell library contained the following spells:

 Spells                   Type           Power        Failure   Level
 Swiftness                Chrm/Air       ###.....     3%          2
 Static Discharge         Conj/Air       ###.....     4%          3
 Lightning Bolt           Conj/Air       ###.......   41%         5

Inventory:

Hand Weapons
 v - a +3 spear (weapon)
Armour
 a - a +0 robe (worn)
Jewellery
 k - an uncursed ring of poison resistance
 l - a +6 ring of strength (left hand)
 m - a +4 ring of protection (right hand)
 p - an uncursed ring of fire
 z - an amulet of the acrobat (around neck)
Wands
 b - a wand of digging (6)
 u - a wand of acid (21)
Scrolls
 e - 4 scrolls of identify {unknown}
 f - 3 scrolls of remove curse {unknown}
 h - a scroll of fog {unknown}
 n - 2 scrolls of magic mapping {unknown}
 o - 2 scrolls of fear {unknown}
 q - a scroll of immolation {unknown}
 r - 3 scrolls of teleportation {unknown}
 w - a scroll of enchant weapon {unknown}
 y - 2 scrolls of amnesia {unknown}
Potions
 d - a potion of resistance {unknown}
 g - a potion of berserk rage {unknown}
 i - 2 potions of cancellation {unknown}
 j - a potion of brilliance {unknown}
 s - 2 potions of ambrosia {unknown}
 t - a potion of curing {unknown}
 x - 2 potions of degeneration {unknown}
Comestibles
 c - 8 rations

Dungeon Overview and Level Annotations

Branches:
Dungeon (4/15)
 Temple: D:4-7

Altars:
Gozag
Qazlal
Trog

▒▒▒▒▒#.................)<.......▒
........o...........▒▒▒▒▒'▒.....▒
...▒▒▒▒.▒▒▒▒.......)'.))..▒.....▒
...▒▒.....▒▒........▒.....▒.....▒
...▒.......▒........▒▒....▒.....▒
...▒.).....▒.▒+▒.....▒▒▒▒▒▒▒▒▒▒▒▒
..o)..._......(▒.....▒ ▒..
..o▒.......▒...▒.....▒ ▒..
...▒.......▒.▒▒▒Q....▒ ▒▒▒
▒..▒▒.....▒▒...)..▒▒▒▒
▒..▒▒▒▒.▒▒▒▒......▒
▒....o...o...▒....▒
▒▒▒▒▒...o....▒....+
▒▒....▒▒+▒....▒ ▒▒▒'▒▒ ......▒
....▒ .......▒ ▒....▒ ......<▒


You could see an orc wizard.


Message History

The orc priest is almost dead.
The zap hits the orc priest.
The orc priest is almost dead.
Attack whom?
Aim: an orc priest, wielding a +0 dagger and wearing a cursed -1 leather armour (almost dead)
You reach to attack!
You hit the orc priest.
You kill the orc priest!
Your Fighting skill increases to level 1!
You start resting.
An orc priest comes into view. It is wielding a +0 morningstar.
The orc priest looks satisfied for a moment.
Things that are here:
a +0 dagger a cursed -1 leather armour
Found a scroll labeled MOESE DEORCH.
Found 8 gold pieces.
The orc priest invokes the aid of Beogh against you.
Beogh smites you!
* * * LOW HITPOINT WARNING * * *
The orc wizard shouts!
The orc priest miscasts a cantrip.
Things that are here:
a +0 dagger a cursed +0 robe an orc corpse The orc wizard is no longer moving quickly.
The orc wizard points at you and mumbles some strange words.
The magic dart hits you.
You die...

Action                   |  1- 3 |  4- 6 |  7- 9 || total
-------------------------+-------+-------+-------++-------
Melee: Spear             |    18 |     7 |     2 ||    27
       Kick              |     3 |     2 |       ||     5
       Peck              |     1 |     1 |       ||     2
 Cast: Shock             |    55 |   151 |    20 ||   226
 Abil: Fly               |       |     1 |       ||     1
  Eat: Ration            |     1 |     2 |     1 ||     4
Armor: Robe              |     7 |    10 |       ||    17
Dodge: Dodged            |    15 |    35 |     1 ||    51

Levels and vault maps discovered:
D:1:      ncdulo_lavacross, layout_loops_ring
D:2:      layout_basic, lemuel_crystal_altar, first_ration
D:3:      kb_forest_paths, layout_basic, lemuel_doored_altar
D:4:      layout_gridville, old_standard_altar

Notes
Turn   | Place    | Note
-------+----------+-------------------------------------------
     0 | D:1      | sanka the Tengu Air Elementalist began the quest for the
                  | Orb.
     0 | D:1      | Reached XP level 1. HP: 10/10 MP: 4/4
    63 | D:1      | Reached skill level 2 in Conjurations
   115 | D:1      | Reached XP level 2. HP: 15/15 MP: 0/6
   223 | D:1      | Reached skill level 5 in Air Magic
   250 | D:1      | Reached XP level 3. HP: 19/19 MP: 1/7
  1169 | D:2      | Reached skill level 6 in Air Magic
  1238 | D:2      | Reached XP level 4. HP: 24/24 MP: 3/8
  1716 | D:2      | Found an opulent altar of Gozag.
  2190 | D:3      | Learned a level 4 spell: Airstrike
  2359 | D:3      | Reached skill level 7 in Air Magic
  2360 | D:3      | Gained mutation: You can fly continuously. [Tengu growth]
  2360 | D:3      | Reached XP level 5. HP: 28/28 MP: 3/9
  3136 | D:3      | Found a stormy altar of Qazlal.
  3670 | D:4      | Reached skill level 8 in Air Magic
  3824 | D:4      | Reached XP level 6. HP: 30/32 MP: 3/10
  4034 | D:4      | Reached skill level 9 in Air Magic
  4557 | D:4      | Reached skill level 10 in Air Magic
  4557 | D:4      | Reached XP level 7. HP: 36/36 MP: 6/11
  4664 | D:4      | Found a bloodstained altar of Trog.
  4717 | D:4      | Reached skill level 1 in Fighting
  4734 | D:4      | HP: 1/38 [orc priest/divine providence (11)]
  4741 | D:4      | Killed from afar by an orc wizard

Vanquished Creatures
  An ogre (D:4)
  2 orc priests (D:4)
  2 hounds (D:4)
  An orc wizard (D:4)
  3 worker ants (D:4)
  A worker ant zombie (D:3)
  5 gnolls
  6 adders
  An ooze (D:1)
  An adder skeleton (D:4)
  A worm (D:2)
  3 dart slugs
  A leopard gecko (D:1)
  10 orcs
  10 bats
  3 giant cockroaches
  9 goblins
  8 hobgoblins
  8 jackals
  3 kobolds
  2 quokkas
  2 ball pythons
  5 frilled lizards
  4 rats
92 creatures vanquished.
